Map: Emerald City LE

Players

script - Winner!

  • Race: Protoss Protoss
  • League: Diamond
  • Spawn Location: 5:00

IIIIIIIIIIII - Winner!

  • Race: Terran Terran
  • League: Bronze
  • Spawn Location: 5:00

qqq

  • Race: Protoss Protoss
  • Spawn Location: 11:00

Massa

  • Race: Terran Terran
  • Spawn Location: 11:00

VOD

Have the link to the VOD?

Description

Time

  • Played on: June 20, 2020, 4:48 p.m.
  • Length: 11:43
Show
View Real Time Build Order
Export as new Build Order

script Protoss - Winner!

Build Orders: 1 Gate Expand, Oracle Opening, Carriers 

Get SALT Encoding   

  12  0:00  Probe  
  13  0:13  Probe  
  14  0:21  Pylon  
  14  0:25  Probe  
  15  0:41  Gateway  
  15  0:44  Probe  
  16  0:52  Probe  
  16  0:53  Assimilator  
  17  1:02  Probe  
  18  1:19  Nexus  
  18  1:37  Cybernetics Core  
  18  1:40  Probe  
  19  1:48  Assimilator  
  19  1:51  Probe  
  19  1:52  Pylon  
  20  1:59  Probe  
  20  2:07  Probe  
  21  2:13  Warp Gate  
  21  2:15  Adept  
  24  2:18  Probe  
  25  2:33  Probe x2  
  27  2:44  Adept  
  27  2:45  Probe  
  27  2:49  Stargate  
  30  3:04  Probe  
  30  3:05  Probe  
  32  3:12  Probe  
  32  3:13  Probe  
  34  3:22  Probe x2  
  36  3:28  Oracle  
  36  3:34  Probe  
  36  3:35  Assimilator  
  36  3:36  Pylon  
  36  3:38  Assimilator  
  40  3:41  Gateway x2  
  40  3:43  Probe  
  40  3:46  Probe  
  42  4:12  Oracle  
  40  4:21  Probe  
  40  4:24  Probe  
  42  4:29  Probe  
  43  4:33  Fleet Beacon  
  43  4:36  Probe  
  45  4:38  Probe  
  46  4:48  Probe  
  47  4:53  Nexus  
  47  4:55  Pylon  
  47  4:57  Probe  
  48  5:00  Probe  
  49  5:10  Probe  
  49  5:12  Probe  
  51  5:17  Stargate  
  51  5:19  Pylon  
  51  5:22  Probe  
  46  5:57  Probe x2  
  46  6:01  Carrier x2  
  48  6:09  Probe  
  48  6:10  Probe  
  48  6:11  Forge  
  62  6:16  Pylon  
  62  6:17  Protoss Air Weapons Level 1  
  62  6:18  Probe  
  63  6:21  Probe x2  
  65  6:30  Probe, Stargate  
  66  6:34  Probe  
  67  6:46  Assimilator  
  67  6:50  Assimilator  
  67  6:53  Pylon  
  67  6:56  Pylon  
  67  6:58  Probe x3  
  70  7:02  Carrier x2  
  70  7:05  Pylon  
  82  7:10  Probe x2  
  82  7:11  Photon Cannon  
  82  7:15  Photon Cannon  
  84  7:18  Carrier  
  90  7:26  Probe x3  
  93  7:38  Probe x2  
  95  7:49  Probe  
  95  7:50  Probe, Pylon  
  97  7:51  Pylon  
  97  7:53  Zealot  
  97  7:54  Zealot  
  97  7:55  Zealot  
  102  8:09  Carrier x2  
  112  8:22  Gateway, Carrier  
  112  8:25  Photon Cannon  
  112  8:26  Photon Cannon, Stalker x3  
  120  8:27  Photon Cannon  
  116  8:35  Probe x3  
  113  8:47  Probe x3  
  116  8:59  Probe  
  117  9:10  Photon Cannon  
  117  9:12  Shield Battery x2  
  117  9:13  Carrier x2  
  117  9:15  Protoss Shields Level 1, Shield Battery  
  124  9:34  Carrier  
  113  10:01  Probe x2  
  113  10:02  Probe  
  116  10:13  Probe  
  117  10:36  Pylon  
  117  10:37  Pylon  
  117  10:39  Pylon  
  135  11:15  Zealot x2  
Show
View Real Time Build Order
Export as new Build Order

IIIIIIIIIIII Terran - Winner!

Build Orders: 2 Factory 

Get SALT Encoding   

  12  0:01  SCV  
  13  0:14  SCV  
  13  0:19  Supply Depot  
  14  0:26  SCV  
  15  0:44  Barracks  
  15  0:45  SCV  
  16  0:55  Refinery  
  16  0:57  SCV  
  16  1:41  SCV  
  16  1:44  Supply Depot  
  17  1:53  SCV  
  18  2:00  Marine  
  19  2:11  SCV  
  20  2:17  Command Center  
  20  2:27  Factory  
  20  2:28  SCV  
  21  2:39  Marine  
  21  2:40  Refinery  
  22  2:49  SCV  
  23  2:59  Barracks Reactor  
  23  3:09  SCV  
  24  3:15  Factory Tech Lab  
  24  3:23  Factory  
  24  3:35  Marine x2  
  26  3:43  SCV  
  27  3:57  Marine x2  
  27  3:59  Siege Tank  
  32  4:07  SCV  
  32  4:08  Factory Tech Lab  
  33  4:18  Barracks  
  33  4:19  Marine x2  
  35  4:32  SCV  
  35  4:33  SCV  
  37  4:46  SCV x2  
  37  4:52  Marine x2  
  41  4:53  Siege Tank  
  44  5:00  Supply Depot  
  44  5:01  Supply Depot  
  44  5:03  Supply Depot  
  44  5:07  Barracks Tech Lab  
  44  5:13  Barracks  
  44  5:14  SCV x2  
  46  5:21  Siege Tank  
  46  5:27  Marine x2  
  52  5:29  Marauder  
  52  5:31  Combat Shield  
  53  5:45  SCV x2  
  55  6:05  Marine  
  55  6:06  Marine x2  
  55  6:07  Marauder  
  55  6:08  Siege Tank x2  
  66  6:14  SCV x2  
  66  6:17  Starport  
  68  6:26  Refinery x2  
  68  6:29  SCV x2  
  70  6:36  Barracks Reactor  
  70  7:03  Starport Reactor  
  70  7:11  Armory  
  70  7:14  Engineering Bay  
  70  7:16  Engineering Bay  
  70  7:31  Supply Depot  
  70  7:33  Supply Depot  
  70  7:34  SCV, Marine x2  
  70  7:35  Supply Depot  
  70  7:50  Missile Turret  
  70  7:52  Marine x2  
  70  7:53  Marauder, Siege Tank  
  70  7:54  Missile Turret  
  70  7:57  Supply Depot  
  77  8:03  SCV x2  
  79  8:06  Marine x2  
  79  8:08  Siege Tank  
  84  8:14  Terran Infantry Armor Level 1, Terran Infantry Weapons Level 1  
  84  8:25  SCV  
  85  8:27  SCV  
  86  8:36  Marine x2  
  86  8:37  Marine x2  
  86  8:38  Marauder  
  86  9:03  SCV x2  
  88  9:11  Missile Turret x2  
  86  9:28  Viking x2  
  88  9:44  Orbital Command x2  
  88  10:01  Viking x2  
  92  10:22  Marine x2  
  92  10:23  Marine x2  
  92  10:25  Marauder  
  98  10:52  Command Center  
  98  10:56  Thor  
  102  11:03  Marine  
  102  11:12  Marine x2  
Show
View Real Time Build Order
Export as new Build Order

qqq Protoss 

Build Orders:  

Get SALT Encoding   

  12  0:04  Probe  
  13  0:21  Pylon  
  13  0:42  Gateway  
  13  0:44  Pylon  
  13  0:54  Probe  
  14  0:57  Pylon  
  14  1:06  Probe  
  15  1:18  Probe  
  16  1:30  Probe, Cybernetics Core  
  17  1:47  Nexus  
  17  2:01  Assimilator  
  17  2:03  Assimilator  
  17  2:16  Probe  
  18  2:25  Probe  
  19  2:33  Probe  
  19  2:42  Probe  
  21  2:54  Probe  
  22  3:03  Robotics Facility  
  22  3:07  Probe  
  22  3:09  Probe  
  24  3:21  Probe, Nexus  
  24  3:23  Stargate  
  25  3:30  Probe  
  26  3:38  Probe  
  26  3:41  Stalker  
  26  3:47  Probe  
  29  3:50  Observer  
  31  3:59  Probe  
  32  4:05  Stalker  
  31  4:11  Probe  
  33  4:23  Probe  
  34  4:28  Phoenix  
  36  4:36  Probe  
  37  4:41  Probe, Stargate  
  38  4:46  Assimilator  
  38  4:48  Probe  
  38  4:50  Assimilator  
  39  4:53  Probe  
  39  4:55  Phoenix  
  42  5:00  Probe  
  42  5:01  Pylon  
  42  5:06  Probe  
  44  5:09  Observer  
  44  5:12  Probe  
  46  5:18  Probe  
  47  5:24  Probe  
  48  5:30  Probe  
  49  5:36  Probe  
  49  5:42  Probe  
  44  5:48  Probe  
  42  5:59  Probe  
  42  6:00  Probe  
  44  6:05  Probe  
  44  6:11  Probe  
  46  6:12  Probe, Phoenix  
  46  6:13  Phoenix  
  46  6:18  Probe  
  52  6:23  Probe  
  52  6:24  Probe  
  54  6:30  Probe  
  55  6:35  Probe  
  55  6:36  Protoss Air Weapons Level 1  
  55  6:37  Probe  
  57  6:42  Probe  
  58  6:47  Probe, Phoenix x2  
  58  6:49  Probe  
  65  6:54  Probe  
  65  6:58  Fleet Beacon  
  65  6:59  Probe  
  65  7:01  Probe, Pylon  
  67  7:06  Probe  
  68  7:12  Phoenix x2  
  72  7:39  Phoenix x2  
  72  7:41  Probe x2  
  78  7:46  Anion Pulse-Crystals  
  78  7:49  Forge  
  78  7:53  Probe x2  
  78  7:54  Assimilator  
  78  7:58  Assimilator  
  80  7:59  Pylon  
  80  8:02  Pylon  
  80  8:05  Probe  
  80  8:08  Carrier  
  83  8:59  Phoenix  
  83  9:12  Phoenix  
  91  9:24  Carrier  
  91  9:37  Tempest  
  82  10:05  Photon Cannon  
  80  10:08  Photon Cannon  
  80  10:12  Photon Cannon  
  72  10:20  Tempest  
  71  10:22  Stargate  
  71  10:25  Stargate  
  77  10:28  Carrier  
  77  10:31  Nexus  
  77  10:41  Nexus  
  77  10:57  Nexus  
  77  11:03  Phoenix  
  68  11:05  Nexus  
Show
View Real Time Build Order
Export as new Build Order

Massa Terran 

Build Orders:  

Get SALT Encoding   

  12  0:12  SCV  
  13  0:19  Supply Depot  
  13  0:24  SCV  
  14  0:36  SCV  
  14  0:42  Barracks  
  15  0:48  SCV  
  16  1:00  SCV  
  17  1:12  SCV  
  18  1:24  SCV  
  19  1:35  Marine  
  19  1:47  Barracks  
  19  1:53  Marine  
  20  1:59  Refinery  
  20  2:03  Refinery, Command Center  
  20  2:04  Orbital Command  
  20  2:11  Marine  
  21  2:29  Marine  
  22  2:30  SCV  
  22  2:37  Supply Depot  
  23  2:43  Supply Depot  
  23  2:47  Engineering Bay  
  24  2:58  SCV  
  24  3:03  Barracks Tech Lab  
  24  3:08  Barracks Tech Lab  
  24  3:10  SCV  
  24  3:11  Refinery  
  25  3:22  SCV  
  25  3:23  Missile Turret  
  25  3:25  SCV  
  27  3:33  Missile Turret  
  27  3:34  SCV  
  27  3:35  Stimpack  
  27  3:37  SCV  
  29  3:47  SCV  
  30  3:49  SCV  
  30  4:01  SCV  
  30  4:06  Marauder x2  
  34  4:14  SCV  
  35  4:24  Combat Shield  
  35  4:26  SCV  
  35  4:27  Marauder  
  35  4:28  Marauder  
  35  4:30  SCV  
  41  4:38  SCV  
  42  4:42  SCV  
  43  4:50  SCV  
  43  4:51  Supply Depot  
  44  4:55  Factory  
  44  5:05  Barracks  
  44  5:09  Marauder x2  
  48  5:15  Concussive Shells, Supply Depot  
  48  5:18  SCV x2  
  49  5:30  SCV, Marauder x2  
  53  5:43  Missile Turret  
  53  5:46  Orbital Command, SCV  
  53  5:48  Factory Tech Lab  
  54  5:52  Missile Turret  
  54  5:58  SCV  
  54  5:59  Barracks Reactor  
  54  6:01  Marauder x2  
  59  6:10  SCV  
  60  6:19  Sensor Tower  
  60  6:22  Marauder  
  60  6:23  SCV, Siege Tank  
  66  6:31  Factory  
  66  6:35  SCV  
  66  6:38  Marauder, Marine  
  70  6:52  Supply Depot  
  70  6:54  Supply Depot x2  
  70  7:02  Terran Infantry Weapons Level 1  
  70  7:13  Marine, Siege Tank  
  70  7:14  Marauder x2  
  78  7:21  Starport  
  78  7:28  Missile Turret  
  78  7:34  Marine x2  
  78  7:35  Marauder x2  
  84  7:41  Factory Reactor  
  84  7:45  Siege Tank  
  87  7:51  Marine  
  87  7:52  Marine  
  87  7:56  Marauder x2  
  93  8:00  Command Center  
  93  8:09  Marine  
  93  8:11  Supply Depot  
  94  8:13  Supply Depot  
  94  8:14  Supply Depot  
  94  8:33  Marauder x2, Marine, Siege Tank  
  102  8:34  Medivac  
  102  8:35  Widow Mine x2  
  102  8:37  Supply Depot  
  102  8:41  Supply Depot  
  108  8:44  Marine  
  109  8:51  Marine  
  109  8:55  Marauder x2  
  114  8:56  Widow Mine x2  
  118  9:04  Medivac  
  118  9:05  Siege Tank  
  123  9:16  Marauder  
  84  9:52  Viking  
  93  10:08  Marine x4  
  97  10:16  Widow Mine x3  
  103  10:22  Viking  
  103  10:25  Marine  
  103  10:26  Marine x3  
  109  10:37  Widow Mine x2  
  109  10:38  Widow Mine  
  104  10:43  Marine  
  104  10:44  Marine x2  
  104  10:49  Marine  
  80  10:52  Viking  
  66  10:59  Widow Mine  
  66  11:02  Marine  
  49  11:24  Missile Turret  
  49  11:25  Missile Turret x2  
  47  11:26  Missile Turret x3  
  47  11:27  Missile Turret  
  45  11:34  Barracks  
  45  11:38  Barracks  
Tags
 
Add a new tag
Caveats
  • Supply blocks, unpowered buildings, or Contaminate may cause inaccurate times.
  • Supply counts are checked every 10 seconds.